 Dungeon Crawl Stone Soup version 0.31-a0-851-g7ff8af7976 (webtiles) character file.

Game seed: 5308281762650273954

84 pokeman the Magician (level 4, -7/25 HPs)
             Began as a Deep Elf Hedge Wizard on Oct 7, 2023.
             Mangled by a gnoll
             ... wielding a +0 halberd
              (14 damage)
             ... on level 2 of the Dungeon.
             The game lasted 00:02:13 (1628 turns).

pokeman the Magician (Deep Elf Hedge Wizard)        Turns: 1628, Time: 00:02:13

Health: -7/25      AC:  2    Str:  7    XL:     4   Next: 24%
Magic:  7/13       EV: 12    Int: 21    God:
Gold:   76         SH:  0    Dex: 14    Spells: 6/14 levels left

rFire   . . .        l - +2 spear (vamp)
rCold   . . .        (no shield)
rNeg    . . .        b - +0 robe
rPois   .            c - +0 hat
rElec   .            (no cloak)
rCorr   .            (no gloves)
SInv    .            (no boots)
Will    .....        (no amulet)
Stlth   ++           (no ring)
HPRegen 0.24/turn    (no ring)
MPRegen 0.13/turn

%: no passive effects
@: no status effects
A: no striking features
a: no special abilities


You were on level 2 of the Dungeon.
You visited 1 branch of the dungeon, and saw 2 of its levels.

You collected 76 gold pieces.

Inventory:

Hand Weapons
 l - a +2 vampiric spear (weapon)
Armour
 b - a +0 robe (worn)
 c - a +0 hat (worn)
Jewellery
 a - an amulet of guardian spirit
Scrolls
 e - a scroll of enchant weapon {unknown}
 f - a scroll of immolation {unknown}
 h - 2 scrolls of blinking {unknown}
 j - a scroll of enchant armour {unknown}
 k - 2 scrolls of identify {unknown}
Potions
 d - a potion of magic
 g - a potion of resistance {unknown}
 i - 2 potions of brilliance {unknown}


   Skills:
 - Level 1.0 Fighting
 - Level 1.0 Armour
 + Level 2.6 Dodging
 + Level 2.6 Stealth
 * Level 5.6 Spellcasting
 + Level 2.2 Conjurations
 - Level 1.1 Summonings
 - Level 1.1 Translocations


You had 6 spell levels left.
You knew the following spells:

 Your Spells              Type           Power      Damage    Failure   Level
a - Magic Dart            Conj           60%        1d6       4%          1
b - Mephitic Cloud        Conj/Pois/Air  9%         N/A       22%         3
c - Call Imp              Summ           20%        N/A       10%         2
d - Blink                 Tloc           20%        N/A       10%         2

Your spell library contained the following spells:

 Spells                   Type           Power      Damage    Failure   Level
 Freeze                   Ice            20%        1d4       11%         1
 Slow                     Hex            20%        N/A       11%         1
 Cigotuvi's Dreadful Rot  Necr/Pois/Air  10%        N/A       16%         2
 Hailstorm                Conj/Ice       10%        3d5       19%         3
 Frozen Ramparts          Ice            10%        1d2       30%         3


Dungeon Overview and Level Annotations

Branches:
Dungeon (2/15)

Altars:


Message History

You completely miss the gnoll.
The gnoll is severely wounded.
Unknown command.
Reach: l) +2 spear (vamp)
Press: ? - help, Dir - move target, f/p - gnoll
Aim: a gnoll, wielding a +0 whip (severely wounded, confused, about 17% to evade your +2 vampiric spear)
You barely miss the gnoll.
The gnoll is severely wounded.
The gnoll shouts!
The gnoll closely misses you.
Reach: l) +2 spear (vamp)
Press: ? - help, Dir - move target, f/p - gnoll
Aim: a gnoll, wielding a +0 whip (severely wounded, confused, about 17% to evade your +2 vampiric spear)
You catch the helpless gnoll completely off-guard!
You hit the gnoll.
You feel better.
You kill the gnoll!
Things that are here:
a +0 whip; 18 gold pieces; a gnoll corpse
Casting: Mephitic Cloud (extremely dangerous; 22% risk of failure)
Confirm with . or Enter, or press ? or * to list all spells.
Aiming: Mephitic Cloud (extremely dangerous; 22% risk of failure)
Press: ? - help, Shift-Dir - straight line, f - gnoll
Aim: a gnoll, wielding a +0 flail (confused, chance to affect: 91%)
The ball explodes into a vile cloud!
The stinking cloud engulfs the gnoll but does no damage. x2
The gnoll is engulfed in noxious fumes.
The gnoll appears confused.
The gnoll is engulfed in noxious fumes.
The gnoll hits you from afar with a +0 halberd!
Ouch! That really hurt!
* * * LOW HITPOINT WARNING * * *
Unknown command.
Unknown command.
Reach: l) +2 spear (vamp)
Press: ? - help, Dir - move target, f/p - gnoll
Aim: a gnoll, wielding a +0 flail (confused, about 17% to evade your +2 vampiric spear)
You reach to attack!
You hit the gnoll but do no damage.
The gnoll is engulfed in noxious fumes.
The gnoll hits you from afar with a +0 halberd!
Ouch! That really hurt!
You die...

.####...............#
#.# # .#
#.##..###.#...#.#####.#
# .#
#.##......#.........#.#
# .#
#.##......#.#.###.....#
#
#.##...........##.#####
# #.##..###.###..##†# .
....... #.# #.....## .#
....... #.###.......
... #†..@°○○..#.
........##○°.....
...:....##gg°....
.(......######...
........# '## ........<
......... r.$.
......... ..J. ...


You could see 2 gnolls.

Vanquished Creatures
  2 gnolls (D:2)
  3 adders (D:2)
  5 ball pythons
  5 endoplasms
  A giant cockroach (D:1)
  3 goblins
  5 hobgoblins
  2 jackals (D:2)
  3 quokkas
  2 frilled lizards
  3 kobolds (D:1)
  3 rats
37 creatures vanquished.

Notes
Turn   | Place    | Note
-------+----------+-------------------------------------------
     0 | D:1      | pokeman the Deep Elf Hedge Wizard began the quest for the
                  | Orb.
     0 | D:1      | Reached XP level 1. HP: 10/10 MP: 7/7
   266 | D:1      | Found a faded altar of an unknown god.
   338 | D:1      | Reached XP level 2. HP: 15/15 MP: 7/9
  1031 | D:2      | Reached skill level 5 in Spellcasting
  1031 | D:2      | Reached XP level 3. HP: 7/20 MP: 0/11
  1049 | D:1      | Learned a level 3 spell: Mephitic Cloud
  1052 | D:1      | Learned a level 2 spell: Call Imp
  1055 | D:1      | Learned a level 2 spell: Blink
  1219 | D:2      | Reached skill level 1 in Fighting
  1219 | D:2      | Reached skill level 1 in Armour
  1559 | D:2      | Reached XP level 4. HP: 25/25 MP: 6/13
  1628 | D:2      | Mangled by a gnoll

Illustrated notes

Levels and vault maps discovered:
D:1:      lightli_arrival_boilingwater, layout_loops_ring,
          ebering_ecumenical_altar_sacrificial, minmay_tetromino_s2
D:2:      layout_basic

Skill      XL: |  1  2  3 |
---------------+----------+-----
Spellcasting   | 5 |  5.6
Fighting       | 1 |  1.0
Armour         | 1 |  1.0
Conjurations   | 2 |  2.2
Dodging        | |  2.6
Stealth        | |  2.6
Summonings     | |  1.1
Translocations | |  1.1

Action                     |  1- 3 |  4- 6 || total
---------------------------+-------+-------++-------
  Melee: Dagger            |     7 |       ||     7
         Punch             |     1 |       ||     1
         Spear             |     1 |     6 ||     7
   Cast: Magic Dart        |    93 |     2 ||    95
         Mephitic Cloud    |       |     2 ||     2
   Stab: Confused          |       |     1 ||     1
 Armour: Robe              |    12 |     3 ||    15
  Dodge: Dodged            |    12 |     2 ||    14

Table legend: (Time is in decaauts)
 A = Elapsed time spent in this place.
 B = Non-inter-level travel time spent in this place.
 C = Inter-level travel time spent in this place.
 D = Time resting spent in this place.
 E = Time spent auto-exploring this place.
 F = Levels seen in this place.
 G = Mean time per level.
                   A        B        C        D        E       F      G
               +--------+--------+--------+--------+--------+-----+--------+
         Total |   1633 |   1593 |     40 |     63 |   1312 |   2 |  816.5 |
       Dungeon |   1633 |   1593 |     40 |     63 |   1312 |   2 |  816.5 |
               +--------+--------+--------+--------+--------+-----+--------+

Top non-repeatable levels by time:
     D:1: 1124 daAuts
     D:2: 509 daAuts
